 Dungeon Crawl Stone Soup version 0.21.1-1-g345015f (webtiles) character file.

114 Monzz the Cudgeler (level 4, -6/34 HPs)
             Began as a Demonspawn Gladiator on May 13, 2018.
             Mangled by equalderp2856's ghost (8 damage)
             ... on level 3 of the Dungeon.
             The game lasted 00:05:43 (1388 turns).

Monzz the Cudgeler (Demonspawn Gladiator)           Turns: 1388, Time: 00:05:44

Health: -6/34      AC:  8    Str: 15    XL:     4   Next: 67%
Magic:  13/13      EV: 12    Int: 10    God:
Gold:   82         SH:  0    Dex: 14    Spells: 3/3 levels left

rFire    . . .     SeeInvis .   a - +1 flail
rCold    . . .     Gourm    .   (no shield)
rNeg     . . .     Faith    .   k - +0 ring mail
rPois    .         Spirit   .   o - +0 helmet
rElec    .         Reflect  .   (no cloak)
rCorr    .         Harm     .   (no gloves)
MR       .....                  (no boots)
Stlth    +.........             (no amulet)
HPRegen  0.11/turn              b - ring of magical power
MPRegen  0.13/turn              (no ring)

@: no status effects
A: talons 1, icy blue scales 1
a: no special abilities


You were on level 3 of the Dungeon.
You were not hungry.

You visited 1 branch of the dungeon, and saw 3 of its levels.

You collected 82 gold pieces.

Inventory:

Hand Weapons
 a - a +1 flail (weapon)
Missiles
 d - 3 throwing nets (quivered)
 g - 4 exploding tomahawks
Armour
 c - a +0 helmet
 k - a +0 ring mail (worn)
 o - a +0 helmet (worn)
Jewellery
 b - a ring of magical power (left hand)
Scrolls
 i - a scroll of teleportation
Potions
 e - a potion of magic {unknown}
 h - a potion of curing {unknown}
 l - 2 potions of berserk rage
Comestibles
 f - 6 rations
 j - a chunk of flesh


   Skills:
 + Level 2.6 Fighting
 + Level 3.8 Maces & Flails
 + Level 1.9 Throwing
 * Level 1.6 Armour
 + Level 3.2 Dodging


You had 3 spell levels left.
You didn't know any spells.

Dungeon Overview and Level Annotations

Branches:
Dungeon (3/15)

Altars:

Annotations:
D:3 equalderp2856's ghost, amateur MiFi


Innate Abilities, Weirdness & Mutations

You have sharp toenails.
You are partially covered in icy blue scales. (AC +2)


Message History

You hit equalderp2856's ghost but do no damage.
Your kick misses equalderp2856's ghost.
Equalderp2856's ghost is heavily damaged.
Equalderp2856's ghost hits you.
You closely miss equalderp2856's ghost.
You claw equalderp2856's ghost, but do no damage.
Equalderp2856's ghost is heavily damaged.
Equalderp2856's ghost hits you but does no damage. x2
You hit equalderp2856's ghost. Your kick misses equalderp2856's ghost.
Equalderp2856's ghost is heavily damaged.
Equalderp2856's ghost hits you!
* * * LOW HITPOINT WARNING * * *
You barely miss equalderp2856's ghost. You claw equalderp2856's ghost.
Equalderp2856's ghost is severely damaged.
Equalderp2856's ghost misses you.
You closely miss equalderp2856's ghost.
You claw equalderp2856's ghost, but do no damage.
Equalderp2856's ghost is severely damaged.
Equalderp2856's ghost hits you!
You die...

# ...
#....######
#.........#
#########.#
#.# #@#
#W##
...#####w.#
....W.†...#
###.####..#
#..# #..#
#..# ...#


You could see a worm and equalderp2856's ghost.

Vanquished Creatures
  4 adders (D:2)
  An ooze (D:2)
  6 worms (D:2)
  2 leopard geckos
  2 ball pythons
  6 bats
  5 giant cockroaches
  4 goblins
  9 hobgoblins
  6 kobolds (D:2)
  A quokka (D:2)
  5 frilled lizards
  5 rats
56 creatures vanquished.

Notes
Turn   | Place    | Note
-------+----------+-------------------------------------------
     0 | D:1      | Monzz the Demonspawn Gladiator began the quest for the Orb.
     0 | D:1      | Reached XP level 1. HP: 16/16 MP: 1/1
    79 | D:1      | Gained mutation: You have sharp toenails. [demonic ancestry]
    79 | D:1      | Reached XP level 2. HP: 19/22 MP: 2/2
   505 | D:2      | Reached XP level 3. HP: 22/28 MP: 3/3
   572 | D:2      | Reached skill level 1 in Armour
   609 | D:2      | HP: 1/28 [worm (8)]
   614 | D:2      | HP: 1/28 [worm (1)]
   825 | D:2      | Gained mutation: You are partially covered in icy blue scales. (AC +2) [demonic ancestry]
   825 | D:2      | Reached XP level 4. HP: 19/34 MP: 4/4
  1370 | D:3      | Noticed equalderp2856's ghost (amateur MiFi)
  1388 | D:3      | Mangled by equalderp2856's ghost

Skill      XL: |  1  2  3 |
---------------+----------+-----
Maces & Flails | 3 |  3.8
Dodging        | 3 |  3.2
Armour         | 1 |  1.6
Fighting       | |  2.6
Throwing       | |  1.9

Action                   |  1- 3 |  4- 6 || total
-------------------------+-------+-------++-------
Melee: Flail             |    82 |    72 ||   154
       Kick              |    18 |    17 ||    35
  Use: Scroll            |     4 |     1 ||     5
       Potion            |     2 |       ||     2
  Eat: Chunk             |       |     2 ||     2
Armor: Leather armour    |    10 |       ||    10
       Ring mail         |    12 |    17 ||    29
Dodge: Dodged            |    62 |    43 ||   105
